 Dungeon Crawl Stone Soup version 0.29.0-5-ge4962eb29e (webtiles) character file.

Game seed: 116988491697883602

487 Lochraine the Ducker (level 6, 0/50 HPs)
             Began as a Minotaur Summoner on Aug 28, 2022.
             Was an Initiate of Trog.
             Slain by a hornet (10 damage)
             ... on level 4 of the Dungeon.
             The game lasted 00:11:48 (5429 turns).

Lochraine the Ducker (Minotaur Summoner)            Turns: 5429, Time: 00:11:48

Health: 0/50       AC:  7    Str: 15    XL:     6   Next: 89%
Magic:  7/7        EV: 12    Int: 12    God:    Trog [......]
Gold:   166        SH:  0    Dex: 12    Spells: 6/7 levels left

rFire   . . .      SeeInvis .   w - +9 dagger "Etucval" {freeze, Dex+2 Stlth+}
rCold   . . .      Faith    .   (no shield)
rNeg    . . .      Spirit   .   m - +0 ring mail
rPois   .          Reflect  .   (helmet restricted)
rElec   .          Harm     .   l - +0 cloak
rCorr   .          Rampage  .   D - +0 pair of gloves
Will    .....                   (no boots)
Stlth   ++........              (no amulet)
HPRegen 0.16/turn               (no ring)
MPRegen 0.10/turn               (no ring)

@: brilliant, lethally poisoned (0 -> -6), slowed, very slow
A: horns 2, retaliatory headbutt
a: Renounce Religion


You were on level 4 of the Dungeon.
You worshipped Trog.
Trog was noncommittal.
You visited 2 branches of the dungeon, and saw 6 of its levels.

You collected 166 gold pieces.

Inventory:

Hand Weapons
 f - a +0 club
   (You took it off a goblin on level 1 of the Dungeon)
 h - a +0 dagger of protection
   (You took it off a kobold on level 1 of the Dungeon)
 w - the +9 dagger "Etucval" (weapon) {freeze, Dex+2 Stlth+}
   (You found it on level 3 of the Dungeon)

   It freezes those it strikes, dealing additional cold damage.
   It can also slow down cold-blooded creatures.
   Dex:       It affects your dexterity (+2).
   Stlth:     It makes you more stealthy.
Armour
 a - a +0 leather armour
   (You found it on level 3 of the Dungeon)
 l - a +0 cloak (worn)
   (You found it on level 3 of the Dungeon)
 m - a +0 ring mail (worn)
   (You found it on level 1 of the Dungeon)
 x - a +0 robe
   (You took it off an orc wizard on level 4 of the Dungeon)
 D - a +0 pair of gloves (worn)
   (You found it on level 3 of the Dungeon)
 E - a +0 leather armour
   (You took it off an orc on level 4 of the Dungeon)
 G - a +0 ring mail
   (You found it on level 4 of the Dungeon)
Jewellery
 u - a ring of magical power
   (You found it on level 2 of the Dungeon)
Scrolls
 d - 4 scrolls of identify {unknown}
 i - a scroll of blinking {unknown}
 n - a scroll of poison {unknown}
 p - a scroll of brand weapon {unknown}
 q - a scroll of magic mapping {unknown}
 r - 2 scrolls of teleportation {unknown}
 v - a scroll of enchant armour {unknown}
 y - a scroll of summoning {unknown}
 z - a scroll of silence {unknown}
 A - a scroll of acquirement {unknown}
 C - a scroll of noise {unknown}
 F - a scroll of amnesia {unknown}
Potions
 b - 2 potions of magic
 c - 2 potions of might {unknown}
 e - 2 potions of resistance {unknown}
 g - 2 potions of haste {unknown}
 j - a potion of brilliance
 k - a potion of attraction {unknown}
 o - a potion of mutation {unknown}
 s - a potion of invisibility {unknown}
 t - 3 potions of curing {unknown}
 B - 2 potions of heal wounds {unknown}


   Skills:
 + Level 2.8 Fighting
 + Level 2.0 Short Blades
 + Level 2.8 Armour
 + Level 6.1 Dodging
 + Level 2.7 Stealth
 - Level 1.3 Spellcasting
 - Level 2.9 Summonings


You had 6 spell levels left.
You knew the following spells:

 Your Spells              Type           Power      Damage    Failure   Level
a - Summon Small Mammal   Summ           44%        N/A       17%         1

Your spell library contained the following spells:

 Spells                   Type           Power      Damage    Failure   Level
 Call Imp                 Summ           11%        N/A       26%         2
 Call Canine Familiar     Summ           11%        N/A       45%         3
 Static Discharge         Conj/Air       1%         3-4/arc   63%         2
 Summon Guardian Golem    Hex/Summ       6%         N/A       65%         3
 Conjure Flame            Conj/Fire      1%         6-21      86%         3
 Ignite Poison            Fire/Tmut/Pois 1%         N/A       86%         3
 Portal Projectile        Hex/Tloc       2%         N/A       86%         3
 Tukima's Dance           Hex            1%         N/A       86%         3
 Summon Lightning Spire   Summ/Air       6%         N/A       96%         4
 Dispel Undead            Necr           1%         3d6       99%         4
 Sticky Flame             Conj/Fire      1%         2d3       99%         4
 Blade Hands              Tmut           0%         N/A       100%        5
 Lightning Bolt           Conj/Air       0%         1d11      100%        5
 Orb of Destruction       Conj           0%         9d5       100%        7
 Spellforged Servitor     Conj/Summ      3%         N/A       100%        7
 Maxwell's Capacitive Co  Air            0%         ∞         100%        8


Dungeon Overview and Level Annotations

Branches:
Dungeon (5/15)             Temple (1/1) D:4

Altars:
Cheibriados
Dithmenos
Elyvilon
Fedhas
Trog
Uskayaw
Wu Jian
Xom
Zin

Shops:
D:4 *


Innate Abilities, Weirdness & Mutations

You have a pair of horns on your head.
You reflexively headbutt those who attack you in melee.


Message History

You closely miss the water moccasin.
You feel sick.
The water moccasin bites you but does no damage.
You barely miss the water moccasin.
You feel sick. The water moccasin closely misses you.
You puncture the water moccasin! You freeze the water moccasin.
You feel sick.
You miss the water moccasin.
The water moccasin is no longer moving slowly.
The water moccasin closely misses you.
You hit the water moccasin.
The water moccasin seems to slow down.
You freeze the water moccasin.
You kill the water moccasin!
Trog accepts your kill.
You feel sick.
Your Short Blades skill increases to level 2!
Your Dodging skill increases to level 6!
You start resting.
You feel sick. x3
You are no longer poisoned.
You start resting.
You see here a hound skeleton.
There is a stone staircase leading down here.
You climb downwards.
The hornet closely misses you. You furiously retaliate!
You headbutt the hornet, but do no damage.
The hornet stings you.
You suddenly lose the ability to move!
The iguana hisses angrily.
You hear a shout! x2
The hornet stings you but does no damage.
The shadow imp gestures at you. Pain shoots through your body!
The hornet stings you!
You are poisoned.
You feel yourself slow down.
You can move again.
There is a stone staircase leading up here.
Unknown command.
You feel very sick. The hornet stings you.
* * * LOW HITPOINT WARNING * * *
You are more poisoned.
You feel as though you will be slow longer.
The shadow imp hits you.
* * * LOW HITPOINT WARNING * * *
The hornet closely misses you. The shadow imp completely misses you.
You furiously retaliate!
You headbutt the shadow imp.
You climb upwards.
* * * LOW HITPOINT WARNING * * *
You feel extremely sick.
There is a stone staircase leading down here.
It was a potion of brilliance.
You feel clever all of a sudden.
You feel very sick. The hornet stings you!
You die...

##### #...# #...# ###### ##...#
###..... #†>..############.#.####
#..÷.'..#.........#.#
##########....##.#.#######.#.#
...............y@#.##......#.#
.########....#.#5#.##.######.##
.#### #....#...#.##<#.......#
....# #....#####.##.#....#..#
.##.# ####.<.....#.......#..#
###.#################.........#
...........................##(#
###.######################.##.###
#........# #....#.##....


You could see a hornet and a shadow imp.

Vanquished Creatures
  A water moccasin (D:4)
  A black bear (D:4)
  A scorpion (D:4)
  A hound (D:4)
  Natasha (twice) (D:4)
  An orc wizard (D:4)
  3 gnolls (D:2)
  An adder (D:2)
  5 worms
  4 dart slugs
  5 orcs (D:4)
  6 ball pythons
  5 endoplasms
  3 giant cockroaches
  4 goblins
  9 hobgoblins
  2 jackals (D:2)
  2 quokkas (D:2)
  A bat (D:1)
  5 frilled lizards
  9 kobolds
  5 rats
76 creatures vanquished.

Notes
Turn   | Place    | Note
-------+----------+-------------------------------------------
     0 | D:1      | Lochraine the Minotaur Summoner began the quest for the
                  | Orb.
     0 | D:1      | Reached XP level 1. HP: 14/14 MP: 1/1
   468 | D:1      | Reached skill level 3 in Dodging
   691 | D:1      | Reached XP level 2. HP: 20/20 MP: 3/3
  1091 | D:1      | Found a faded altar of an unknown god.
  1691 | D:2      | Reached XP level 3. HP: 26/26 MP: 4/4
  1791 | D:2      | Reached skill level 4 in Dodging
  2342 | D:2      | Reached XP level 4. HP: 29/33 MP: 5/5
  2866 | D:2      | Reached skill level 5 in Dodging
  3454 | D:3      | Found a shimmering altar of Xom.
  3460 | D:3      | Identified the +9 dagger "Etucval" {freeze, Dex+2 Stlth+}
  4119 | D:4      | Found Vaazawk's Assorted Antiques.
  4180 | D:4      | Reached XP level 5. HP: 39/39 MP: 6/6
  4184 | D:4      | Reached skill level 1 in Fighting
  4208 | D:4      | Noticed a black bear
  4315 | D:4      | Found a staircase to the Ecumenical Temple.
  4325 | Temple   | Entered the Ecumenical Temple
  4477 | Temple   | Became a worshipper of Trog the Wrathful
  4496 | D:4      | Noticed Natasha
  4500 | D:4      | Killed Natasha
  4501 | D:4      | Reached skill level 1 in Armour
  4796 | D:4      | Noticed Natasha
  4807 | D:4      | Killed Natasha
  4808 | D:4      | Reached skill level 1 in Short Blades
  5092 | D:5      | Entered Level 5 of the Dungeon
  5093 | D:5      | Noticed a water moccasin
  5094 | D:5      | Noticed a centaur
  5099 | D:4      | Reached XP level 6. HP: 47/48 MP: 7/7
  5109 | D:5      | Noticed a hornet
  5283 | D:4      | Killed a water moccasin
  5284 | D:4      | Reached skill level 6 in Dodging
  5425 | D:5      | Paralysed by a hornet for 2 turns
  5429 | D:4      | Slain by a hornet

Illustrated notes

Levels and vault maps discovered:
D:1:      minmay_arrival_five_plusses, layout_basic, basic_ecumenical_altar,
          serial_rivers, chequers_serial_rivers_micro_d,
          chequers_serial_rivers_room_b, chequers_serial_rivers_small_3,
          chequers_serial_rivers_micro_e, chequers_serial_rivers_micro_d,
          chequers_serial_rivers_room_b, minivault_25, minmay_heptomino_l4
D:2:      layout_basic
D:3:      layout_basic, brannock_xom_greatest_gift, minivault_24
D:4:      layout_basic, minmay_temple_entry_purple_smoke, serial_shops,
          nicolae_shop_overgrown_old_shop, cheibrodos_gnoll_hut, uniq_natasha,
          uniq_pikel
D:5:      cheibrodos_fzero, layout_loops_cross, palyth_temple_overflow_mages,
          minmay_mini_ossuary
Temple:   nicolae_temple_godpark

Skill      XL: |  1  2  3  4  5  6 |
---------------+-------------------+-----
Dodging        | 3 4 5 6 |  6.1
Fighting       | 2 |  2.8
Armour         | 2 |  2.8
Stealth        | 2 |  2.7
Short Blades   | 1 2 |  2.0
Spellcasting   | |  1.3
Summonings     | |  2.9

Action                   |  1- 3 |  4- 6 || total
-------------------------+-------+-------++-------
Melee: Club              |    20 |       ||    20
       Unarmed           |     6 |       ||     6
       Headbutt          |    22 |    11 ||    33
       Dagger            |    82 |   124 ||   206
       Punch             |       |     1 ||     1
 Cast: Summon Small Mamm |     2 |     1 ||     3
  Use: Potion            |       |     1 ||     1
 Stab: Sleeping          |     1 |     5 ||     6
       Distracted        |       |     1 ||     1
Armor: Robe              |    17 |       ||    17
       Ring mail         |    27 |    54 ||    81
Dodge: Dodged            |    66 |    60 ||   126
